 Dungeon Crawl Stone Soup version 0.24.1-14-gf8d2b509d9 (webtiles) character file.

Game seed: 12154721992077770897, levelgen mode: deterministic

54 shadowstone the Shield-Bearer (level 3, -3/34 HPs)
             Began as a Deep Dwarf Fighter on July 30, 2023.
             Slain by Terence
             ... wielding a +2 flail of protection
              (4 damage)
             ... on level 2 of the Dungeon on July 31, 2023.
             The game lasted 00:11:18 (2872 turns).

shadowstone the Shield-Bearer (Deep Dwarf Fighter)  Turns: 2872, Time: 00:11:18

Health: -3/34      AC:  8    Str: 20    XL:     3   Next: 66%
Magic:  3/3        EV:  8    Int:  8    God:
Gold:   72         SH:  9    Dex: 12    Spells: 2/2 levels left

rFire    . . .     SeeInvis .   f - +1 short sword (freeze)
rCold    . . .     Gourm    .   c - +0 shield
rNeg     . . .     Faith    .   q - +0 scale mail {rPois}
rPois    +         Spirit   .   (no helmet)
rElec    .         Reflect  .   t - +0 cloak
rCorr    .         Harm     .   (no gloves)
MR       .....                  (no boots)
Stlth    ..........             (no amulet)
HPRegen  0.00/turn              (no ring)
MPRegen  0.08/turn              (no ring)

@: starving, non-regenerating
A: damage resistance, heal wounds, sense surroundings 1, no regeneration
a: Heal Wounds


You were on level 2 of the Dungeon.
You were starving.

You visited 1 branch of the dungeon, and saw 2 of its levels.

You collected 72 gold pieces.

Inventory:

Hand Weapons
 a - a +0 war axe
 f - a +1 short sword of freezing (weapon)
 v - a +1 halberd of freezing
Missiles
 s - 36 bolts
Armour
 b - a +0 scale mail
 c - a +0 shield (worn)
 q - a +0 scale mail of poison resistance (worn)
 t - a +0 cloak (worn)
Scrolls
 e - a scroll of remove curse
 g - a scroll of identify
 o - 2 scrolls of fear
Potions
 d - a potion of might
 i - 2 potions of curing {unknown}
 j - a potion of haste
 k - 2 potions of degeneration {unknown}
 l - a potion of ambrosia {unknown}
 m - a potion of flight {unknown}


   Skills:
 + Level 3.0 Fighting
 + Level 3.0 Axes
 + Level 3.6 Armour
 + Level 1.2 Dodging
 + Level 1.0 Stealth
 + Level 3.7 Shields


You had 2 spell levels left.
You didn't know any spells.
Your spell library was empty.

Dungeon Overview and Level Annotations

Branches:
Dungeon (2/15)

Altars:

Annotations:
D:2 Terence


Innate Abilities, Weirdness & Mutations

You are resistant to damage.
You can heal yourself by infusing magical energy.
You passively map a small area around you.
You do not regenerate.


Message History

Terence hits you with a +2 flail of protection.
* * * LOW HITPOINT WARNING * * *
The dart slug bites you but does no damage.
You closely miss Terence. You block Terence's attack.
Terence completely misses you. You block the dart slug's attack.
You closely miss Terence.
Terence says, "Don't bother to defend, it's useless."
Terence barely misses you.
You hit Terence. You freeze Terence.
Terence is heavily wounded.
Terence hits you but does no damage. The dart slug barely misses you.
Terence hits you but does no damage.
You hit Terence. You freeze Terence.
Terence is heavily wounded.
Terence hits you with a +2 flail of protection.
You block the dart slug's attack.
You hit Terence. You freeze Terence.
Terence is almost dead.
Terence hits you with a +2 flail of protection.
You die...

*,* *,,** *,* *,*
**,,* *,* *,*
**,****,* *,*
*,,,*,,*##### *.#
**#.*,*##...## #.#
***#..,##..?..## #.#
*,,>...#.......# #.#
**,**#..#..@....#
#.## *,,*
#.....@....#
#..###.#*
#..#..w...## .......#
#..#.......# .#.###**
#..#.......# ÷....#
#..#>.†....# .....#
##..##(....## .....#
#...###?..##
.....#####.#.# #...#
.......†...#.###.####


You could see Terence and a dart slug.

Vanquished Creatures
  3 gnolls (D:2)
  A dart slug (D:2)
  5 bats (D:1)
  2 giant cockroaches
  2 goblins
  A hobgoblin (D:1)
  2 quokkas (D:2)
  A ball python (D:1)
  4 frilled lizards
  4 kobolds
  4 plants (D:2)
29 creatures vanquished.

Notes
Turn   | Place    | Note
-------+----------+-------------------------------------------
     0 | D:1      | shadowstone the Deep Dwarf Fighter began the quest for the
                  | Orb.
     0 | D:1      | Reached XP level 1. HP: 20/20 MP: 1/1
   514 | D:1      | Reached XP level 2. HP: 27/27 MP: 2/2
  1045 | D:2      | Reached XP level 3. HP: 18/33 MP: 3/3
  1660 | D:2      | Paralysed by fainting for 6 turns
  2603 | D:2      | Reached skill level 1 in Stealth
  2609 | D:2      | Reached skill level 1 in Dodging
  2663 | D:2      | Paralysed by fainting for 12 turns
  2736 | D:2      | Paralysed by fainting for 9 turns
  2850 | D:2      | Noticed Terence
  2867 | D:2      | HP: 1/34 [Terence/+2 flail of protection (3)]
  2872 | D:2      | Slain by Terence

Levels and vault maps discovered:
D:1:      minmay_arrival_arboretum_small, layout_basic,
          chequers_serial_rivers_large_a
D:2:      layout_rooms, minivault_19, guppyfry_early_lair_pool, uniq_terence

Skill      XL: |  1  2  3 |
---------------+----------+-----
Fighting       | 3 |  3.0
Axes           | 3 |  3.0
Stealth        | 1 |  1.0
Dodging        | 1 |  1.2
Armour         | |  3.6
Shields        | |  3.7

Action                   || total
-------------------------++-------
Melee: War axe           ||   201
       Short sword       ||    34
  Use: Scroll            ||     7
       Potion            ||     1
  Eat: Ration            ||     1
       Chunk             ||     1
Armor: Scale mail        ||    86
Dodge: Dodged            ||    73
Block: Shield            ||   105
